 Dungeon Crawl Stone Soup version 0.25.1-2-g60ff931df9 (webtiles) character file.

Game seed: 2938587280478743348

52 Almogavar the Skirmisher (level 3, 0/29 HPs)
             Began as a Demonspawn Abyssal Knight on Sept 4, 2020.
             Was a Follower of Lugonu.
             Slain by a worm (4 damage)
             ... on level 2 of the Dungeon.
             The game lasted 00:04:28 (1366 turns).

Almogavar the Skirmisher (DsAK)                     Turns: 1366, Time: 00:04:29

Health: 0/29       AC:  6    Str: 13    XL:     3   Next: 60%
Magic:  4/4        EV:  9    Int: 13    God:    Lugonu [*.....]
Gold:   68         SH:  0    Dex: 12    Spells: 2/2 levels left

rFire    + . .     SeeInvis .   a - +1 falchion
rCold    . . .     Gourm    .   (no shield)
rNeg     . . .     Faith    .   m - +0 scale mail
rPois    .         Spirit   .   (no helmet)
rElec    .         Reflect  .   (no cloak)
rCorr    .         Harm     .   (no gloves)
MR       .....                  (no boots)
Stlth    ..........             (no amulet)
HPRegen  0.09/turn              (no ring)
MPRegen  0.09/turn              (no ring)

@: lightly drained
A: fire resistance 1
a: Depart the Abyss, Renounce Religion


You were on level 2 of the Dungeon.
You worshipped Lugonu.
Lugonu was aware of your devotion.
You were not hungry.

You visited 1 branch of the dungeon, and saw 2 of its levels.
You visited the Abyss 1 time.

You collected 68 gold pieces.

Inventory:

Hand Weapons
 a - a +1 falchion (weapon)
Armour
 m - a +0 scale mail (worn)
Scrolls
 b - 2 scrolls of teleportation
 i - a scroll of enchant weapon {unknown}
 k - 2 scrolls of noise {unknown}
 l - a scroll of blinking
 n - 4 scrolls of remove curse
 p - a scroll of fear {unknown}
Potions
 d - a potion of flight
 e - a potion of heal wounds {unknown}
 g - a potion of brilliance {unknown}
 j - 2 potions of stabbing {unknown}
 o - a potion of lignification {unknown}
Comestibles
 c - 5 rations
 f - 2 chunks of flesh


   Skills:
 + Level 3.5(3.2) Fighting
 + Level 2.6(2.3) Long Blades
 + Level 2.2(1.9) Armour
 + Level 1.2(0.9) Dodging
 + Level 2.5(2.3) Invocations


You had 2 spell levels left.
You didn't know any spells.
Your spell library was empty.

Dungeon Overview and Level Annotations

Branches:
Dungeon (2/15)

Altars:


Innate Abilities, Weirdness & Mutations

Your flesh is heat resistant. (rF+)


Message History

The hobgoblin is almost dead.
The worm bites you but does no damage.
The hobgoblin hits you but does no damage.
You hit the hobgoblin.
You kill the hobgoblin!
Lugonu accepts your kill. The worm closely misses you.
You riposte.
You hit the worm.
The worm is moderately wounded.
You see here an adder corpse.
You see here a javelin.
You barely miss the worm.
The worm is lightly wounded.
The worm bites you.
* * * LOW HITPOINT WARNING * * *
You hit the worm but do no damage.
The worm is lightly wounded.
You slash the worm!
The worm is heavily wounded.
The worm bites you.
You die...

.............
###.....#######
.....)..##....
...........##
#####.......#
###..##.######
##.##......# #
###.#######.#
.# #.......#
#@# #. #
#.......# #w#
###.. #.......#
#(###..#..#
#.......#
#(†.(....#
#..######
#......###
##.##
#..........
###..#
#......####
###...##
##.#####
....### #.#


You could see a worm.

Vanquished Creatures
  2 adders (D:2)
  A dart slug (D:1)
  A leopard gecko (D:1)
  2 giant cockroaches (D:1)
  2 goblins
  3 hobgoblins
  7 kobolds
  A ball python (D:2)
  5 bats
  5 rats
29 creatures vanquished.

Notes
Turn   | Place    | Note
-------+----------+-------------------------------------------
     0 | Abyss:1  | Almogavar the Demonspawn Abyssal Knight began the quest for
                  | the Orb.
     0 | Abyss:1  | Reached XP level 1. HP: 18/18 MP: 2/2
     1 | Abyss:1  | Found a corrupted altar of Lugonu.
    80 | Abyss:1  | Noticed a red draconian monk
    81 | D:1      | Escaped the Abyss
   286 | D:1      | Gained mutation: Your flesh is heat resistant. (rF+)
                  | [demonic ancestry]
   286 | D:1      | Reached XP level 2. HP: 11/24 MP: 3/3
   750 | D:1      | Reached * piety under Lugonu
   968 | D:2      | Reached skill level 1 in Dodging
  1122 | D:2      | Reached XP level 3. HP: 22/29 MP: 4/4
  1366 | D:2      | Slain by a worm

Illustrated notes

Levels and vault maps discovered:
D:1:      dpeg_arrival_orchard, layout_rooms
D:2:      layout_rooms, serial_glass, glass_columns_c, glass_columns_a,
          minmay_strange_pillars, minmay_strange_pillars, minmay_strange_pillars

Skill      XL: |  1  2 |
---------------+-------+-----
Armour         | 2 |  2.2
Dodging        | 1 |  1.2
Long Blades    | 2 |  2.6
Fighting       | |  3.5
Invocations    | |  2.5

Action                   || total
-------------------------++-------
Melee: Falchion          ||   129
Invok: Depart the Abyss  ||     1
  Use: Scroll            ||     5
  Eat: Chunk             ||     2
Armor: Leather armour    ||    15
       Scale mail        ||    50
Dodge: Dodged            ||    87
       Rpst.: Falchion   ||    26
